 Dungeon Crawl Stone Soup version 0.23.2 (webtiles) character file.

Game seed: 15994655417969755637

7371 Kinoniko the Carver (level 11, -2/83 HPs)
             Began as a Human Fighter on Apr 3, 2019.
             Was a Follower of the Shining One.
             Succumbed to barbed spike wounds
             ... on level 10 of the Dungeon.
             The game lasted 01:10:19 (11791 turns).

Kinoniko the Carver (Human Fighter)                Turns: 11791, Time: 01:10:20

Health: -2/83      AC: 18    Str: 18    XL:     11   Next: 36%
Magic:  20/20      EV:  5    Int:  8    God:    the Shining One [*.....]
Gold:   469        SH: 10    Dex: 15    Spells: 10/10 levels left

rFire    + . .     SeeInvis .   d - +1 scimitar
rCold    . . .     Gourm    .   c - +0 shield
rNeg     . . .     Faith    .   g - +1 plate armour
rPois    +         Spirit   .   B - +0 hat
rElec    .         Reflect  .   i - +1 cloak
rCorr    .         Harm     .   q - +0 pair of gloves
MR       .....     Rnd*Tele +   (no boots)
Stlth    ..........             (no amulet)
HPRegen  0.23/turn              j - ring of protection from fire
MPRegen  0.17/turn              o - ring of magical power

@: about to teleport, barbed spikes, hasted, glowing, very quick
A: talons 1, poison resistance, teleportitis 1, evolution 1
a: Renounce Religion


You were on level 10 of the Dungeon.
You worshipped the Shining One.
The Shining One was aware of your devotion.
You were not hungry.

You visited 2 branches of the dungeon, and saw 11 of its levels.

You collected 469 gold pieces.

Inventory:

Hand Weapons
 a - a +0 long sword
 b - a +0 battleaxe of venom
 d - a +1 scimitar (weapon)
 m - a +1 whip of venom
 y - a +0 dire flail
 C - a +0 antimagic spear
 D - a +0 war axe of chopping
Missiles
 u - 5 tomahawks (quivered)
Armour
 c - a +0 shield (worn)
 g - a +1 plate armour (worn)
 i - a +1 cloak (worn)
 q - a +0 pair of gloves (worn)
 r - a +3 ring mail
 A - a +0 large shield
 B - a +0 hat (worn)
Magical Staves
 n - an uncursed staff of cold
Jewellery
 j - a ring of protection from fire (left hand)
 o - a ring of magical power (right hand)
Scrolls
 e - 5 scrolls of remove curse
 k - 2 scrolls of vulnerability
 s - a scroll of fog
 v - 5 scrolls of amnesia
 z - a scroll of identify
Potions
 h - 14 potions of degeneration
 p - a potion of magic
 w - a potion of flight {unknown}
 x - a potion of haste
Comestibles
 f - 12 rations


   Skills:
 + Level 6.7 Fighting
 * Level 12.2 Long Blades
 + Level 7.3 Armour
 + Level 3.5 Dodging
 - Level 1.3 Stealth
 + Level 6.6 Shields


You had 10 spell levels left.
You didn't know any spells.
Your spell library contained the following spells:

 Spells                   Type           Power        Failure   Level  Hunger
 Corona                   Hex            #......      100%        1    ##.....
 Slow                     Hex            #.......     100%        2    ###....
 Inner Flame              Hex/Fire       #.......     100%        3    ####...
 Portal Projectile        Hex/Tloc       #.....       100%        3    ####...
 Cause Fear               Hex            #.........   100%        4    #####..
 Leda's Liquefaction      Hex/Erth       #.........   100%        4    #####..


Dungeon Overview and Level Annotations

Branches:
Dungeon (10/15)            Temple (1/1) D:7             Orc (0/2) D:9
   Lair: D:8-11

Altars:
Ashenzari
Cheibriados
Dithmenos
Elyvilon
Fedhas
Gozag
Kikubaaqudgha
Makhleb
Nemelex Xobeh
Okawaru
Qazlal
Ru
Sif Muna
Trog
Uskayaw
Vehumet
Wu Jian
Xom
Yredelemnul
Zin
The Shining One

Annotations:
D:7 2 transporters, GGGomer's ghost, novice HaHu


Innate Abilities, Weirdness & Mutations

You have sharp toenails.
Your system is resistant to poisons. (rPois)
You are occasionally teleported next to monsters.
You evolve.


Message History

A hound comes into view.
The barbed spikes dig painfully into your body as you move.
* * * LOW HITPOINT WARNING * * *
The barbed spikes dig painfully into your body as you move.
* * * LOW HITPOINT WARNING * * *
The barbed spikes dig painfully into your body as you move.
* * * LOW HITPOINT WARNING * * *
There is an open door, spattered with blood here.
Things that are here:
a jackal corpse x2
The barbed spikes dig painfully into your body as you move.
The Shining One protects you from harm!
As you read the scroll of teleportation, it crumbles to dust.
You feel strangely unstable.
The manticore flicks its tail.
The volley of spikes hits you but does no damage.
The barbed spikes dig painfully into your body as you move.
The Shining One protects you from harm!
The barbed spikes dig painfully into your body as you move.
You die...

# #...#.........# #
#+#######H.h#.........# #
#...........#.........####### #
#...........#..............>. #
#...........#########........
#####...######†### #........
........##.# #.#.# #........
........##.# #...# #........
.......(##.# ###@########........
##########.# #.................
#.########.#####.#######.#######.
.................# #.# .
..########.#####.# #.# ..# #.#
#.# #.# ..# #.# #.# #.# ..# #.#
#.# #.# ..# #.# #.# #.#


There were no monsters in sight!

Vanquished Creatures
  Gastronok (D:9)
  Pikel (D:8)
  2 hippogriffs (D:7)
  4 yaks
  A spriggan (D:7)
  Grum (D:9)
  2 black bears
  6 orc warriors
  A swamp drake (D:9)
  2 sky beasts
  A slave (D:8)
  3 ice beasts
  A necrophage (D:7)
  2 phantoms
  3 centaurs
  2 ogres
  3 wolves (D:8)
  2 bullfrogs
  3 scorpions
  4 killer bees (D:6)
  A howler monkey (D:6)
  4 crimson imps
  4 bullfrog skeletons
  5 hounds
  4 orc priests
  2 centaur skeletons
  2 jellies
  7 orc wizards
  5 iguanas
  8 worker ants
  A hound zombie (D:7)
  3 gnolls (D:5)
  9 adders
  A shadow imp (D:6)
  2 oozes
  2 adder zombies
  3 worms
  A dart slug (D:1)
  3 leopard geckos
  39 orcs
  4 bats
  9 giant cockroaches
  3 hobgoblins
  17 jackals
  5 kobolds
  4 quokkas
  3 ball pythons
  6 frilled lizards
  6 goblins
  A jackal skeleton (D:4)
  A quokka zombie (D:8)
  5 rats
215 creatures vanquished.

Vanquished Creatures (others)
  A quasit (D:8)
  An orc wizard (D:3)
  An adder (D:8)
  A leopard gecko (D:8)
  4 toadstools (D:1)
8 creatures vanquished.

Grand Total: 223 creatures vanquished

Notes
Turn   | Place    | Note
-------+----------+-------------------------------------------
     0 | D:1      | Kinoniko the Human Fighter began the quest for the Orb.
     0 | D:1      | Reached XP level 1. HP: 18/18 MP: 1/1
    22 | D:1      | Reached XP level 2. HP: 24/24 MP: 2/2
   377 | D:1      | Reached XP level 3. HP: 29/29 MP: 3/3
   827 | D:2      | Reached XP level 4. HP: 24/35 MP: 4/4
  1161 | D:2      | Reached skill level 3 in Long Blades
  1368 | D:2      | Reached skill level 1 in Dodging
  1368 | D:2      | Reached XP level 5. HP: 35/41 MP: 5/5
  1983 | D:3      | Gained mutation: You are agile. (Dex +2) [potion of
                  | mutation]
  1983 | D:3      | Gained mutation: You have sharp toenails. [potion of
                  | mutation]
  1983 | D:3      | Gained mutation: Your system is resistant to poisons.
                  | (rPois) [potion of mutation]
  1983 | D:3      | Gained mutation: You are somewhat resistant to further
                  | mutation. [potion of mutation]
  2699 | D:3      | Reached XP level 6. HP: 45/47 MP: 6/6
  2782 | D:3      | Reached skill level 4 in Long Blades
  3279 | D:4      | Reached XP level 7. HP: 43/52 MP: 7/7
  3690 | D:5      | Entered Level 5 of the Dungeon
  3695 | D:5      | Reached skill level 1 in Stealth
  4131 | D:5      | Reached skill level 5 in Long Blades
  4256 | D:5      | Reached XP level 8. HP: 38/60 MP: 8/8
  4668 | D:5      | Reached skill level 5 in Armour
  4861 | D:5      | Found a deep blue altar of Sif Muna.
  5668 | D:6      | Reached skill level 6 in Long Blades
  5841 | D:6      | Reached skill level 5 in Shields
  6424 | D:6      | Reached XP level 9. HP: 66/66 MP: 9/9
  6527 | D:6      | HP: 2/66 [orc warrior/+0 scimitar (18)]
  7330 | D:6      | Reached skill level 7 in Long Blades
  7711 | D:6      | Reached skill level 5 in Fighting
  8216 | D:7      | Found a staircase to the Ecumenical Temple.
  8225 | Temple   | Entered the Ecumenical Temple
  8313 | Temple   | Became a worshipper of the Shining One
  8343 | D:7      | Noticed a hippogriff
  8364 | D:7      | Killed a hippogriff
  8364 | D:7      | Reached skill level 8 in Long Blades
  8592 | D:7      | Noticed a hippogriff
  8592 | D:7      | Noticed a moth of wrath
  8596 | D:7      | Noticed GGGomer's ghost (novice HaHu)
  8605 | D:7      | Found a transporter.
  8657 | D:7      | Found a transporter.
  8756 | D:7      | Reached XP level 10. HP: 64/76 MP: 10/10
  9133 | D:7      | Reached * piety under the Shining One
  9140 | D:7      | Reached skill level 9 in Long Blades
  9556 | D:8      | Noticed Pikel
  9581 | D:8      | Killed Pikel
  9581 | D:8      | Reached skill level 10 in Long Blades
  9981 | D:9      | Noticed Gastronok
 10443 | D:9      | Noticed Grum
 10570 | D:9      | Killed Grum
 10610 | D:9      | Reached skill level 11 in Long Blades
 10849 | D:9      | Killed Gastronok
 10849 | D:9      | Reached XP level 11. HP: 74/83 MP: 11/11
 11120 | D:9      | Reached skill level 12 in Long Blades
 11150 | D:9      | Found a staircase to the Orcish Mines.
 11351 | D:9      | Found a stormy altar of Qazlal.
 11556 | D:10     | Entered Level 10 of the Dungeon
 11695 | D:10     | Lost mutation: You are somewhat resistant to further
                  | mutation. [potion of mutation]
 11695 | D:10     | Lost mutation: You are agile. (Dex +2) [potion of mutation]
 11695 | D:10     | Gained mutation: Your spells are a little easier to cast,
                  | but a little less powerful. [potion of mutation]
 11695 | D:10     | Gained mutation: You are occasionally teleported next to
                  | monsters. [potion of mutation]
 11695 | D:10     | Gained mutation: You evolve. [potion of mutation]
 11695 | D:10     | Lost mutation: Your spells are a little easier to cast, but
                  | a little less powerful. [potion of mutation]
 11768 | D:10     | Noticed a manticore
 11768 | D:10     | Noticed a two-headed ogre
 11787 | D:10     | HP: 2/83 [barbs]
 11788 | D:10     | The Shining One protects you from harm!
 11790 | D:10     | The Shining One protects you from harm!
 11791 | D:10     | Succumbed to barbed spike wounds

Skill      XL: |  1  2  3  4  5  6  7  8  9 10 11 |
---------------+----------------------------------+-----
Long Blades    | 3 4 5 6 8 11 12 | 12.2
Dodging        | 1 2 3 |  3.5
Armour         | 4 5 6 7 |  7.3
Shields        | 4 5 6 |  6.6
Stealth        | 1 |  1.3
Fighting       | 4 5 6 |  6.7

Action                   |  1- 3 |  4- 6 |  7- 9 | 10-12 || total
-------------------------+-------+-------+-------+-------++-------
Melee: Long sword        |    81 |   144 |   248 |       ||   473
       Kick              |       |    24 |   143 |    95 ||   262
       Scimitar          |       |       |   146 |   233 ||   379
  Use: Scroll            |     6 |     4 |     5 |     7 ||    22
       Potion            |     4 |     4 |     4 |     6 ||    18
  Eat: Ration            |       |     3 |     5 |     3 ||    11
Armor: Scale mail        |    50 |    49 |    72 |       ||   171
       Plate armour      |       |       |   111 |    80 ||   191
Dodge: Dodged            |    31 |    41 |   125 |    29 ||   226
Block: Shield            |    41 |    77 |   216 |    94 ||   428
       Rpst.: Long sword |    12 |    10 |    27 |       ||    49
       Scimitar          |       |       |    17 |     9 ||    26
